 Dungeon Crawl Stone Soup version 0.31.0-32-g396128a36d (webtiles) character file.

Game seed: 16190796267620655231

1255 Henri the Grappler (level 8, -8/56 HPs)
             Began as an Octopode Shapeshifter on Apr 4, 2024.
             Killed by divine providence
             ... invoked by an orc priest
              (16 damage)
             ... on level 6 of the Dungeon.
             The game lasted 00:09:29 (5283 turns).

Henri the Grappler (Octopode Shapeshifter)          Turns: 5283, Time: 00:09:30

Health: -8/56      AC:  1    Str: 16    XL:     8   Next: 51%
Magic:  8/8        EV: 13    Int: 12    God:
Gold:   208        SH:  0    Dex: 11    Spells: 7/7 levels left

rFire   . .          .
                       - Unarmed
rCold   . . .        (no shield)
rNeg    . . .        (helmet currently unavailable)
rPois   .            (no amulet)
rElec   .            (no ring)
rCorr   .            (no ring)
SInv    .            (no ring)
Will    .....        (no ring)
Stlth   ++           (no ring)
HPRegen 0.29/turn    (no ring)
MPRegen 0.11/turn    (no ring)
                     (no ring)

%: no passive effects
@: beast-form, studying Axes
A: beast (slay +2), almost no armour, amphibious, 8 rings, camouflage 1,
gelatinous body 1, (nimble swimmer 1), tentacles
a: Begin Untransformation


You were on level 6 of the Dungeon.
You were a hulking beast.
You visited 1 branch of the dungeon, and saw 6 of its levels.

You collected 208 gold pieces.

Inventory:

Missiles
 k - 3 poisoned darts (quivered)
 m - a throwing net
Talismans
 b - a beast talisman
 c - a flux talisman
Wands
 o - a wand of charming (12)
Scrolls
 d - a scroll of teleportation
 f - 2 scrolls of enchant weapon {unknown}
 g - 2 scrolls of immolation
 j - a scroll of revelation {unknown}
 l - a scroll of enchant armour {unknown}
 n - a scroll of silence {unknown}
Potions
 a - 2 potions of lignification
 e - a potion of heal wounds {unknown}
 h - 3 potions of invisibility {unknown}
 i - a potion of magic {unknown}


   Skills:
 + Level 5.6 Fighting
 - Level 2.0 Dodging
 * Level 8.6 Unarmed Combat
 - Level 3.5 Shapeshifting


You had 7 spell levels left.
You didn't know any spells.
Your spell library contained the following spells:

 Spells                   Type           Power      Damage    Failure   Level
 Foxfire                  Conj/Fire      0%         2x1d4     32%         1
 Lesser Beckoning         Tloc           0%         N/A       45%         2
 Static Discharge         Conj/Air       0%         3-3/arc   45%         2
 Gell's Gravitas          Tloc           0%         N/A       69%         3
 Teleport Other           Tloc           0%         N/A       69%         3
 Airstrike                Air            0%         2d(0-16)  97%         4
 Summon Lightning Spire   Summ/Air       0%         N/A       97%         4
 Fireball                 Conj/Fire      0%         3d3       100%        5
 Plasma Beam              Fire/Air       0%         2x1d10    100%        6


Dungeon Overview and Level Annotations

Branches:
Dungeon (6/15)
 Temple: D:4-7

Altars:
Kikubaaqudgha
Vehumet

Shops:
D:4 :

Annotations:
D:3 2 transporters, ghwc's ghost, amateur DrSh
D:5 Prince Ribbit


Innate Abilities, Weirdness & Mutations

You are a hulking beast.
Your limbs bulge with bestial killing power. (Slay +2)
You cannot wear most types of armour.
You are amphibious.
You can wear up to eight rings at the same time.
Your skin changes colour to match your surroundings (Stealth+).
Your rubbery body absorbs attacks. (AC +1, EV +1)
((You are camouflaged when in or above water. (Stealth+)))
You have tentacles for arms and can constrict up to eight enemies at once.


Message History

The orc misses you. The orc closely misses you.
Items here: ) [ †††.
You bludgeon the orc!
You kill the orc!
Things that are here:
a +0 trident; an orc corpse You start resting.
An orc priest is nearby!
Items here: ) [ †††.
You start resting.
A jelly is nearby!
You start resting.
HP restored.
Items here: ) [ †††.
Things that are here:
a +0 trident; an orc corpse A white imp comes into view.
The white imp shouts!
The white imp gestures at you. The puff of frost hits you!
The orc priest shouts!
The white imp gestures at you. The puff of frost hits you!
The white imp gestures at you. The puff of frost hits you!
The orc priest mumbles some strange prayers to Beogh against you.
Beogh smites you!
* * * LOW HITPOINT WARNING * * *
Things that are here:
a +0 trident; an orc corpse
Items here: ) [ †††.
The white imp gestures at you. The puff of frost hits you!
* * * LOW HITPOINT WARNING * * *
The white imp gestures at you. The puff of frost misses you.
The orc priest calls down the wrath of Beogh upon you.
Beogh smites you!
You die...

#### #...# #... ...#
#)).############ #... ...#
#.....#........# ##.. ...#
#...#..........# ##. ####
#...###........# #####.. #...#
#........####..)5.#
###(###.)......#....#####
#...#<.....5o..####
###.#.h....#....####### ####
##...#.##.####...##...
#######..###.....................
................#.##.#######.....
#####..#.########.##.## ###..[
.......#.# #.##..## ####
#####.##.## #.###..# # #.##..#
##.# ##.# ## ..###.## #..# #.#
##.


You could see an orc priest and a white imp.

Vanquished Creatures
  A black bear (D:5)
  An ogre (D:6)
  2 centaurs (D:6)
  A bullfrog (D:6)
  2 scorpions
  3 wights (D:6)
  A bombardier beetle (D:6)
  3 hounds
  A jelly (D:6)
  2 orc priests
  3 orc wizards
  6 gnolls
  9 adders
  2 white imps
  7 dart slugs
  2 ribbon worms
  15 orcs
  6 ball pythons
  11 endoplasms
  6 giant cockroaches
  6 goblins
  7 hobgoblins
  4 jackals (D:1)
  12 kobolds
  6 quokkas
  2 bats (D:2)
  2 frilled lizards (D:1)
  22 rats
145 creatures vanquished.

Vanquished Creatures (others)
  A human (D:3)
1 creature vanquished.

Grand Total: 146 creatures vanquished

Notes
Turn   | Place    | Note
-------+----------+-------------------------------------------
     0 | D:1      | Henri the Octopode Shapeshifter began the quest for the
                  | Orb.
     0 | D:1      | Reached XP level 1. HP: 13/13 MP: 1/1
    98 | D:1      | Got Sif Muna's Tractate on Arson
   165 | D:1      | Reached XP level 2. HP: 11/18 MP: 2/2
   500 | D:1      | Reached XP level 3. HP: 23/23 MP: 3/3
  1134 | D:2      | Reached XP level 4. HP: 23/29 MP: 4/4
  1276 | D:2      | Reached skill level 4 in Unarmed Combat
  1683 | D:2      | Reached XP level 5. HP: 29/35 MP: 5/5
  2114 | D:3      | Found a transporter.
  2115 | D:3      | Noticed ghwc's ghost (amateur DrSh)
  2115 | D:3      | Noticed an ogre
  2116 | D:3      | Found a transporter.
  2119 | D:3      | Identified the +10 great mace "Qunow" {antimagic, Str-3
                  | Int+5}
  2119 | D:3      | Noticed an ogre
  2120 | D:3      | Noticed an ogre
  2473 | D:3      | Reached skill level 5 in Unarmed Combat
  2606 | D:3      | Found an ancient bone altar of Kikubaaqudgha.
  2607 | D:3      | Noticed a human
  2610 | D:3      | Killed a human
  2994 | D:4      | Reached XP level 6. HP: 37/42 MP: 6/6
  3242 | D:4      | Found Jesof's Book Shop.
  3493 | D:5      | Entered Level 5 of the Dungeon
  3612 | D:5      | Found a radiant altar of Vehumet.
  3622 | D:5      | Noticed Prince Ribbit
  3720 | D:5      | Noticed a black bear
  3737 | D:5      | Killed a black bear
  3738 | D:5      | Reached skill level 6 in Unarmed Combat
  3871 | D:5      | Reached XP level 7. HP: 34/47 MP: 7/7
  4283 | D:6      | Reached skill level 7 in Unarmed Combat
  4304 | D:6      | Reached XP level 8. HP: 14/54 MP: 8/8
  4479 | D:6      | Reached skill level 5 in Fighting
  4778 | D:6      | Reached skill level 8 in Unarmed Combat
  5283 | D:6      | Killed from afar by an orc priest

Illustrated notes

Levels and vault maps discovered:
D:1:      nagdon_arrival_double_spiral, layout_basic
D:2:      minmay_evil_eye, layout_basic, minmay_rat_hole
D:3:      layout_loops_ring, tgw_kikubaaqudgha, gammafunk_ghost_smash
D:4:      nicolae_cairo_tiling, layout_loops_ring, serial_shops, shop,
          kennysheep_nondescript
D:5:      layout_basic, mainiacjoe_overflow_tiny_flanked,
          minmay_misc_feat_diagonals, uniq_prince_ribbit1
D:6:      layout_rooms, grunt_gozag_statues, serial_shops, shop, st_stairs_5,
          minmay_manual_mares

Skill      XL: |  1  2  3  4  5  6  7  8 |
---------------+-------------------------+-----
Fighting       | 2 3 4 5 |  5.6
Unarmed Combat | 4 5 6 7 8 |  8.6
Dodging        | |  2.0
Shapeshifting  | |  3.5

Action                     |  1- 3 |  4- 6 |  7- 9 || total
---------------------------+-------+-------+-------++-------
  Melee: Unarmed           |    83 |   128 |    74 ||   285
         Constrict         |    19 |    34 |    14 ||    67
         Tentacles         |    12 |    22 |    19 ||    53
         Punch             |       |     4 |     5 ||     9
    Use: Scroll            |       |     2 |       ||     2
   Stab: Sleeping          |     3 |    11 |     2 ||    16
 Armour: Skin              |    34 |    52 |    44 ||   130
  Dodge: Dodged            |    34 |    63 |    34 ||   131
